 Dungeon Crawl Stone Soup version 0.29-a0-266-gf56f883ddd (webtiles) character file.

Game seed: 17758304779050091097

29 spaghetti the Grave Robber (level 2, -3/22 HPs)
             Began as a Demigod Necromancer on Mar 7, 2022.
             Slain by an iguana (6 damage)
             ... on level 2 of the Dungeon.
             The game lasted 00:01:52 (1331 turns).

spaghetti the Grave Robber (Demigod Necromancer)    Turns: 1331, Time: 00:01:52

Health: -3/22      AC:  3    Str:  9    XL:     2   Next: 81%
Magic:  5/7        EV: 12    Int: 17    God:
Gold:   69         SH:  0    Dex: 14    Spells: 2/4 levels left

rFire   . . .      SeeInvis .     - Unarmed
rCold   . . .      Faith    .   (no shield)
rNeg    . . .      Spirit   .   a - +1 robe
rPois   .          Reflect  .   (no helmet)
rElec   .          Harm     .   (no cloak)
rCorr   .          Rampage  .   (no gloves)
Will    .....                   (no boots)
Stlth   ++........              (no amulet)
HPRegen 0.07/turn               (no ring)
MPRegen 0.10/turn               (no ring)

@: flying, very slightly contaminated
A: high MP 1, forlorn, divine attributes
a: no special abilities


You were on level 2 of the Dungeon.
You visited 1 branch of the dungeon, and saw 2 of its levels.

You collected 69 gold pieces.


Innate Abilities, Weirdness & Mutations

You have an increased reservoir of magic. (+10% MP)
You shall have no god before yourself.
Your divine heritage dramatically boosts your attributes as you level up.


   Skills:
 - Level 0.6 Fighting
 - Level 1.7 Dodging
 - Level 1.7 Stealth
 + Level 2.2 Unarmed Combat
 - Level 1.7 Spellcasting
 - Level 3.6 Necromancy


You had 2 spell levels left.
You knew the following spells:

 Your Spells              Type           Power      Damage    Failure   Level
a - Pain                  Necr           52%        1d6       4%          1
b - Beastly Appendage     Tmut           2%         N/A       21%         1

Your spell library contained the following spells:

 Spells                   Type           Power      Damage    Failure   Level
 Animate Skeleton         Necr           26%        N/A       4%          1
 Wereblood                Tmut           1%         N/A       30%         2
 Vampiric Draining        Necr           13%        2d6       14%         3
 Animate Dead             Necr           6%         N/A       41%         4
 Spider Form              Tmut/Pois      1%         N/A       52%         3
 Agony                    Necr           13%        N/A       77%         5

Inventory:

Hand Weapons
 c - a +0 vampiric dagger {short}
   (You found it on level 1 of the Dungeon)
 f - a +0 spear {polearm}
   (You found it on level 1 of the Dungeon)
 h - a +0 trident {polearm}
   (You found it on level 1 of the Dungeon)
 i - a +0 club {mace}
   (You took it off a goblin on level 2 of the Dungeon)
Missiles
 d - 19 stones {throwing}
 k - 5 boomerangs {throwing}
Armour
 a - a +1 robe (worn)
Scrolls
 e - 2 scrolls of silence {!r}
 g - a scroll of blinking {!r}
Potions
 b - a potion of magic

Dungeon Overview and Level Annotations

Branches:
Dungeon (2/15)

########### #####
#.........#
......######.........#
..r...'l@..'.........#
.[....######.........#
#.# ....^..
#.........### #.#
...... #...........#
#.# ......
#...........# #.#
..... #...........#
.#.#......
#####'#######
.#.#....l.
#.†..#######.
........(.
+............


You could see an iguana and a rat.


Message History

You hit the bat but do no damage. The bat hits you but does no damage.
The bat hits you but does no damage. The bat closely misses you.
The bat closely misses you. The bat hits you but does no damage.
The bat hits you. 😕 HP[-1]
You take 1 damage, and now have 21/22 hp.
The bat hits you. 😕 HP[-1]
You take 1 damage, and now have 20/22 hp.
You barely miss the bat. The bat closely misses you.
You hit the bat but do no damage. The bat hits you. The bat closely misses you.
You closely miss the bat. The bat hits you. 😕 HP[-1]
You take 1 damage, and now have 19/22 hp.
The bat hits you but does no damage.
You see here a puce potion.
The bat misses you.
You barely miss the bat. The bat misses you.
You closely miss the bat. The bat hits you but does no damage.
You hit the bat.
You kill the bat!
No target in view!
No target in view!
No target in view!
No target in view!
No target in view!
No target in view!
No target in view!
j - a puce potion 😎 HP[+3]
Your hp is fully restored (22).
Found a stone staircase leading up.
You now have 53 gold pieces (gained 9).
k - 5 boomerangs {throwing}
l - a scroll labelled GEPRIF SILETURPH
l - 2 scrolls labelled GEPRIF SILETURPH (gained 1)
m - a scroll labelled QEGGELLEQOE
As you read the scroll labelled QEGGELLEQOE, it crumbles to dust.
It is a scroll of enchant armour.
Your +0 robe glows green for a moment.
As you read the scroll labelled GEPRIF SILETURPH, it crumbles to dust.
It is a scroll of identify.
g - a scroll of blinking
As you read the scroll of identify {@r1}, it crumbles to dust.
e - 2 scrolls of silence A rat comes into view.
A rat is nearby!
A rat is nearby!
The rat completely misses you.
You hit the rat but do no damage. The rat misses you.
You hit the rat.
You kill the rat!
No target in view!
No target in view!
No target in view!
No target in view!
No target in view!
No target in view!
No target in view!
No target in view!
You open the door.
There is an open door here.
You now have 59 gold pieces (gained 6).
You now have 69 gold pieces (gained 10).
You open the door.
There is an open door here.
You open the door.
A rat and an iguana come into view.
The iguana hisses angrily.
There are monsters nearby!
There are monsters nearby!
Casting: Beastly Appendage (safe; 21% risk of failure)
Press: ? - help, Q - select action, (/) - cycle Dir - look around, f - activate You miscast Beastly Appendage.
You are very lightly contaminated with residual magic.
Nothing appears to happen.
The iguana bites you!
Ouch! That really hurt!
* * * LOW HITPOINT WARNING * * *
😨 HP[-12] MP[-1]
You take 12 damage, and now have 10/22 hp.
MASSIVE DAMAGE!! (PAUSE)
You lost 1 mp, and now have 6/7 mp.
Casting: Beastly Appendage (safe; 21% risk of failure)
Press: ? - help, Q - select action, (/) - cycle Dir - look around, f - activate You miscast Beastly Appendage.
Nothing appears to happen.
The iguana bites you!
* * * LOW HITPOINT WARNING * * *
😱 HP[-7] MP[-1]
You take 7 damage, and now have 3/22 hp.
MASSIVE DAMAGE!! (PAUSE)
You lost 1 mp, and now have 5/7 mp.
It was a potion of flight.
You feel very buoyant.
You fly up into the air.
The iguana bites you but does no damage.
The iguana attacks as you move away! The iguana bites you.
You die...

Skill      XL: |  1  2 |
---------------+-------+-----
Unarmed Combat | 1 2 |  2.2
Fighting       | |  0.6
Dodging        | |  1.7
Stealth        | |  1.7
Spellcasting   | |  1.7
Necromancy     | |  3.6

Action                   || total
-------------------------++-------
Melee: Unarmed           ||    46
       Kick              ||    12
       Headbutt          ||     9
 Cast: Pain              ||     5
       Beastly Appendage ||     7
  Use: Potion            ||     2
       Scroll            ||     4
Armor: Robe              ||    16
Dodge: Dodged            ||    34

Levels and vault maps discovered:
D:1:      onia_arrival_pentagram, layout_basic, ebering_ecumenical_altar_ruins
D:2:      layout_basic, uniq_jessica

Notes
Turn   | Place    | Note
-------+----------+-------------------------------------------
     0 | D:1      | spaghetti the Demigod Necromancer began the quest for the
                  | Orb.
     0 | D:1      | Reached XP level 1. HP: 14/14 MP: 5/5
     0 | D:1      | magus.rc [v1.9.6]
    19 | D:1      | HP: 3/14 [frozen (5)]
   280 | D:1      | You pick up a book of Changes and begin reading...
   280 | D:1      | You add the spells Beastly Appendage, Wereblood and Spider
                  | Form to your library.
   423 | D:1      | Learned a level 1 spell: Beastly Appendage
   510 | D:1      | HP: 3/15 [giant cockroach (2)]
   515 | D:1      | Reached skill level 1 in Unarmed Combat
   753 | D:1      | Reached XP level 2. HP: 15/22 MP: 5/7
   989 | D:1      | You fall into a shaft and drop 1 floor!
  1014 | D:2      | Reached skill level 2 in Unarmed Combat
  1328 | D:2      | HP: 3/22 [iguana (7)]
  1331 | D:2      | Slain by an iguana

Vanquished Creatures
  An adder (D:2)
  2 dart slugs
  3 endoplasms (D:1)
  2 giant cockroaches
  A goblin (D:2)
  A hobgoblin (D:1)
  2 bats
  A frilled lizard (D:1)
  2 rats
15 creatures vanquished.

Table legend:
 A = Non-vault XP
 B = Vault XP
 C = Vault XP percentage of total XP
 D = Non-vault monster count
 E = Vault monster count
 F = Vault count percentage of total count
                 A         B        C        D         E       F
            +---------+---------+-------+---------+---------+-------
      Total |      42 |       0 |   0.0 |      15 |       0 |   0.0
            +---------+---------+-------+---------+---------+-------
        D:1 |      17 |       0 |   0.0 |       9 |       0 |   0.0
        D:2 |      25 |       0 |   0.0 |       6 |       0 |   0.0
            +---------+---------+-------+---------+---------+-------

Illustrated notes

Table legend:
 A = Kills in this place as a percentage of kills in entire the game.
 B = Kills by you in this place as a percentage of kills by you in the entire game.
 C = Kills by friends in this place as a percentage of kills by friends in the entire game.
 D = Other kills in this place as a percentage of other kills in the entire game.
 E = Experience gained in this place as a percentage of experience gained in the entire game.
 F = Experience gained in this place divided by the number of levels of this place that you have seen.
                   A       B       C       D       E      F
               +-------+-------+-------+-------+-------+----------------------
         Total | 100.0 | 100.0 |   N/A |   N/A | 100.0 |  21.0
       Dungeon | 100.0 | 100.0 |   N/A |   N/A | 100.0 |  21.0
               +-------+-------+-------+-------+-------+----------------------

Table legend: (Time is in decaauts)
 A = Elapsed time spent in this place.
 B = Non-inter-level travel time spent in this place.
 C = Inter-level travel time spent in this place.
 D = Time resting spent in this place.
 E = Time spent auto-exploring this place.
 F = Levels seen in this place.
 G = Mean time per level.
                   A        B        C        D        E       F      G
               +--------+--------+--------+--------+--------+-----+--------+
         Total |   1329 |   1329 |      0 |    408 |    779 |   2 |  664.5 |
       Dungeon |   1329 |   1329 |      0 |    408 |    779 |   2 |  664.5 |
               +--------+--------+--------+--------+--------+-----+--------+

Top non-repeatable levels by time:
     D:1: 988 daAuts
     D:2: 340 daAuts
